 Seeded DCSS version 0.30-a0-879-ga8ba668304 (webtiles) character file.

Game seed: 3428853487130244560 (custom seed)

45 bmack86 the Shield-Bearer (level 3, 0/33 HPs)
             Began as a Minotaur Fighter on Mar 13, 2023.
             Succumbed to an adder's poison
             ... on level 2 of the Dungeon.
             The game lasted 00:01:25 (1006 turns).

bmack86 the Shield-Bearer (Minotaur Fighter)        Turns: 1006, Time: 00:01:26

Health: 0/33       AC:  7    Str: 22    XL:     3   Next: 42%
Magic:  2/2        EV:  9    Int:  5    God:
Gold:   67         SH:  4    Dex:  9    Spells: 2/2 levels left

rFire   . . .      SeeInvis .    a - +0 war axe
rCold   . . .      Faith    .    c - +0 buckler
rNeg    . . .      Spirit   .    b - +0 scale mail
rPois   .          Reflect  .    (helmet restricted)
rElec   .          Rampage  .    (no cloak)
rCorr   .                        (no gloves)
Will    .....                    (no boots) Stlth
                                 (no amulet)
HPRegen 0.25/turn                (no ring)
MPRegen 0.08/turn                (no ring)

@: lethally poisoned (0 -> -1)
A: horns 2, retaliatory headbutt
a: no special abilities


You were on level 2 of the Dungeon.
You visited 1 branch of the dungeon, and saw 2 of its levels.

You collected 67 gold pieces.

Inventory:

Hand Weapons
 a - a +0 war axe (weapon)
Armour
 b - a +0 scale mail (worn)
 c - a +0 buckler (worn)
Scrolls
 e - 4 scrolls of identify {unknown}
 f - a scroll of blinking {unknown}
 h - 3 scrolls of fog {unknown}
Potions
 d - a potion of might
 g - a potion of berserk rage {unknown}


   Skills:
 + Level 4.0 Fighting
 * Level 3.5 Axes
 + Level 4.0 Armour
 + Level 4.0 Shields


You had 2 spell levels left.
You didn't know any spells.
Your spell library contained the following spells:

 Spells                   Type           Power      Damage    Failure   Level
 Necrotise                Necr           0%         1d4       87%         1
 Gell's Gravitas          Tloc           0%         N/A       99%         3
 Teleport Other           Tloc           0%         N/A       99%         3
 Agony                    Necr           0%         N/A       100%        5
 Dispersal                Tloc           0%         N/A       100%        6
 Starburst                Conj/Fire      0%         6d3       100%        6
 Borgnjor's Revivificati  Necr           0%         N/A       100%        8


Dungeon Overview and Level Annotations

Branches:
Dungeon (2/15)

Altars:

Shops:
D:1 (


Innate Abilities, Weirdness & Mutations

You have a pair of horns on your head.
You reflexively headbutt those who attack you in melee.


Message History

The adder barely misses you.
Natasha mumbles some strange words.
You hit Natasha.
Natasha is severely wounded.
You barely miss the crimson imp. You miss the adder.
You feel sick. The adder bites you.
You are more poisoned.
The adder poisons you!
Natasha mumbles some strange words.
The crimson imp hits you but does no damage.
You block the adder's attack.
You barely miss Natasha. Your headbutt misses Natasha.
Natasha is severely wounded.
You slash the adder!
You kill the adder!
You barely miss the crimson imp.
You feel sick. Natasha barely misses you. The crimson imp barely misses you.
You barely miss Natasha.
Natasha is severely wounded.
You slash the crimson imp!
You hit the crimson imp but do no damage.
You feel sick. Natasha claws you but does no damage.
The crimson imp barely misses you.
The crimson imp laughs crazily.
The crimson imp hits you.
* * * LOW HITPOINT WARNING * * *
Natasha claws you.
* * * LOW HITPOINT WARNING * * *
The crimson imp barely misses you.
You barely miss Natasha.
Natasha is severely wounded.
You hit the crimson imp. You miss the crimson imp.
You feel sick. You block the crimson imp's attack. Natasha claws you.
* * * LOW HITPOINT WARNING * * *
The crimson imp blinks!
You hit Natasha.
You kill Natasha!
Natasha screams in fury as she dies!
The crimson imp disappears in a puff of smoke! x2
You die...

#.# ####.#
#....# #.####
#.# #.# #.#
##.## ##...##
#.@)..#
#...§)§....$#
#.###.....#.#
##...##.#
##.## # ..#
###


There were no monsters in sight!

Vanquished Creatures
  Natasha (D:2)
  An adder (D:2)
  A worm (D:2)
  3 dart slugs (D:1)
  A ball python (D:1)
  2 bats (D:1)
  7 endoplasms
  5 goblins
  2 hobgoblins (D:1)
  A kobold (D:1)
24 creatures vanquished.

Notes
Turn   | Place    | Note
-------+----------+-------------------------------------------
     0 | D:1      | bmack86 the Minotaur Fighter began the quest for the Orb.
     0 | D:1      | Reached XP level 1. HP: 19/19 MP: 0/0
    43 | D:1      | Found Zofunism's Antique Weapon Shop.
   260 | D:1      | Reached XP level 2. HP: 27/27 MP: 1/1
   316 | D:1      | Found a faded altar of an unknown god.
   503 | D:1      | Got Sif Muna's Enchiridion on Corpses and the Arsonist
   927 | D:2      | Reached XP level 3. HP: 26/33 MP: 2/2
   994 | D:2      | Noticed Natasha
  1006 | D:2      | Killed Natasha
  1006 | D:2      | Succumbed to an adder's poison

Illustrated notes

Levels and vault maps discovered:
D:1:      dpeg_arrival_central, layout_basic, serial_shops, shop,
          hellmonk_ecumenical_altar_heavens_door
D:2:      layout_loops_ring, kennysheep_nub, uniq_natasha

Skill      XL: |  1  2  3 |
---------------+----------+-----
Axes           | 3 |  3.5
Armour         | 4 |  4.0
Shields        | 4 |  4.0
Fighting       | 4 |  4.0

Action                     || total
---------------------------++-------
  Melee: War axe           ||    38
         Headbutt          ||     6
 Armour: Scale mail        ||    24
  Dodge: Dodged            ||    28
  Block: Buckler           ||     8

Table legend: (Time is in decaauts)
 A = Elapsed time spent in this place.
 B = Non-inter-level travel time spent in this place.
 C = Inter-level travel time spent in this place.
 D = Time resting spent in this place.
 E = Time spent auto-exploring this place.
 F = Levels seen in this place.
 G = Mean time per level.
                   A        B        C        D        E       F      G
               +--------+--------+--------+--------+--------+-----+--------+
         Total |   1019 |   1010 |      9 |      0 |    811 |   2 |  509.5 |
       Dungeon |   1019 |   1010 |      9 |      0 |    811 |   2 |  509.5 |
               +--------+--------+--------+--------+--------+-----+--------+

Top non-repeatable levels by time:
     D:1: 930 daAuts
     D:2: 89 daAuts
